 Dungeon Crawl Stone Soup version 0.31.0-11-ge490571c62 (webtiles) character file.

Game seed: 14658997323627485840

30 browni3141 the Trooper (level 3, -5/33 HPs)
             Began as a Minotaur Fighter on Jan 28, 2024.
             Slain by an ogre
             ... wielding a +0 giant spiked club
              (11 damage)
             ... on level 4 of the Dungeon.
             The game lasted 00:00:19 (611 turns).

browni3141 the Trooper (Minotaur Fighter)            Turns: 611, Time: 00:00:20

Health: -5/33      AC:  6    Str: 22    XL:     3   Next: 3%
Magic:  2/2        EV:  9    Int:  5    God:
Gold:   14         SH:  4    Dex:  9    Spells: 2/2 levels left

rFire   . . .        a - +0 war axe
rCold   . . .        c - +0 buckler
rNeg    . . .        b - +0 scale mail
rPois   .            (helmet restricted)
rElec   .            (no cloak)
rCorr   .            (no gloves)
SInv    .            (no boots)
Will    .....        (no amulet) Stlth
                     (no ring)
HPRegen 0.25/turn    (no ring)
MPRegen 0.08/turn

%: no passive effects
@: no status effects
A: horns 2, retaliatory headbutt
a: no special abilities


You were on level 4 of the Dungeon.
You visited 1 branch of the dungeon, and saw 4 of its levels.

You collected 14 gold pieces.

Inventory:

Hand Weapons
 a - a +0 war axe (weapon)
Armour
 b - a +0 scale mail (worn)
 c - a +0 buckler (worn)
Scrolls
 f - a scroll of teleportation {unknown}
 g - a scroll of identify {unknown}
 h - a scroll of amnesia {unknown}
Potions
 d - a potion of might
 e - a potion of heal wounds {unknown}
 i - a potion of degeneration {unknown}
 j - a potion of curing {unknown}


   Skills:
 + Level 4.1 Fighting
 * Level 3.8 Axes
 - Level 3.6 Armour
 - Level 3.6 Shields


You had 2 spell levels left.
You didn't know any spells.
Your spell library was empty.

Dungeon Overview and Level Annotations

Branches:
Dungeon (4/15)
 Temple: D:4-7

Altars:


Innate Abilities, Weirdness & Mutations

You have a pair of horns on your head.
You reflexively headbutt those who attack you in melee.


Message History

You climb downwards.
There is a stone staircase leading up here.
i - a green potion A ball python comes into view.
A ball python is nearby!
A ball python is nearby!
A ball python is nearby!
A ball python is nearby!
You completely miss the ball python. The ball python closely misses you.
The ball python grabs you. The ball python constricts you.
You closely miss the ball python.
You headbutt the ball python, but do no damage.
The ball python completely misses you. You furiously retaliate!
You headbutt the ball python.
You kill the ball python!
No target in view! 2 jackals come into view.
The jackal barks! x2; You hear a bark!
The jackal moves out of view.
A jackal comes into view.
There are monsters nearby!
You slash the jackal!
You kill the jackal!
A jackal comes into view.
You see here a jackal corpse.
The jackal closely misses you.
There are monsters nearby!
You hit the jackal. Your headbutt misses the jackal.
The jackal is moderately wounded.
The jackal barely misses you.
You hit the jackal.
You kill the jackal!
There are monsters nearby!
There are monsters nearby!
You hit the jackal but do no damage. Your headbutt misses the jackal.
You hit the jackal but do no damage. The jackal closely misses you.
The jackal bites you.
The jackal bites you but does no damage. x2
You slash the jackal!
You kill the jackal!
You hit the jackal.
The jackal bites you but does no damage.
You block the jackal's attack.
A jackal is nearby!
A jackal is nearby!
You slash the jackal!
You kill the jackal!
You have reached level 3!
Your experience leads to an increase in your attributes!
Increase (S)trength, (I)ntelligence, or (D)exterity?
You feel stronger. x2
HP restored.
A hobgoblin comes into view.
A hobgoblin is nearby!
You closely miss the hobgoblin. The hobgoblin hits you.
You block the hobgoblin's attack.
A hobgoblin is nearby!
You hit the hobgoblin. You headbutt the hobgoblin.
The hobgoblin is heavily wounded.
The hobgoblin hits you.
A hobgoblin is nearby!
You closely miss the hobgoblin.
The hobgoblin is heavily wounded.
The hobgoblin barely misses you.
You completely miss the hobgoblin.
The hobgoblin is heavily wounded.
The hobgoblin barely misses you. The hobgoblin hits you.
You closely miss the hobgoblin. Your headbutt misses the hobgoblin.
The hobgoblin is heavily wounded.
The hobgoblin closely misses you.
You hit the hobgoblin.
You kill the hobgoblin!
No target in view!
j - a silvery potion An iguana comes into view.
An iguana is nearby!
The iguana hisses angrily.
An iguana is nearby!
The iguana barely misses you.
An iguana is nearby!
You barely miss the iguana. The iguana bites you!
An ogre comes into view. It is wielding a +0 giant spiked club.
The iguana bites you.
There are monsters nearby!
You hit the iguana but do no damage. You block the iguana's attack.
You closely miss the iguana. Your headbutt misses the iguana.
The iguana bites you.
You barely miss the iguana. The iguana bites you.
You block the iguana's attack.
You barely miss the iguana. Your headbutt misses the iguana.
The iguana bites you!
There are monsters nearby!
You slash the iguana!
The iguana is heavily wounded.
The iguana bites you but does no damage.
You hit the iguana. You headbutt the iguana.
You kill the iguana!
You hit the ogre.
The ogre hits you with a +0 giant spiked club!
You die...

#......#.####
#...........#
#...........#
#...........##
#......#.....#
###.####.###.#
...#
#.###.###.#.
###.
#...........#
#.
#.@O..#######
#.#.###
.......
..##.#.### #.#
..... # #.....
#......
#.....#


You could see an ogre.

Vanquished Creatures
  An iguana (D:4)
  An adder (D:2)
  A ribbon worm (D:3)
  An orc (D:2)
  2 giant cockroaches
  A hobgoblin (D:4)
  4 jackals (D:4)
  2 ball pythons
  A frilled lizard (D:2)
  3 kobolds
  A rat (D:1)
18 creatures vanquished.

Notes
Turn   | Place    | Note
-------+----------+-------------------------------------------
     0 | D:1      | browni3141 the Minotaur Fighter began the quest for the
                  | Orb.
     0 | D:1      | Reached XP level 1. HP: 19/19 MP: 0/0
   279 | D:2      | Reached skill level 4 in Fighting
   279 | D:2      | Reached XP level 2. HP: 27/27 MP: 1/1
   536 | D:4      | Reached XP level 3. HP: 32/33 MP: 2/2
   605 | D:4      | Noticed an ogre
   611 | D:4      | Slain by an ogre

Illustrated notes

Levels and vault maps discovered:
D:1:      elethiomel_arrival_shortcut, layout_basic,
          ebering_ecumenical_altar_rust
D:2:      cheibrodos_pilgrimage, layout_loops_corners, nrook_campfire,
          minmay_misc_feat_roman
D:3:      layout_loops_ring, nicolae_vehumet_altar_sigil,
          minmay_overflow_temple_star_quad, serial_bayou_lagoon_a,
          minmay_misc_feat_alley, minmay_lizard_king, uniq_ijyb
D:4:      layout_basic, uniq_duvessa

Skill      XL: |  1 |
---------------+----+-----
Axes           | 3 |  3.8
Fighting       | 4 |  4.1
Armour         | |  3.6
Shields        | |  3.6

Action                     || total
---------------------------++-------
  Melee: War axe           ||    46
         Headbutt          ||     8
 Armour: Scale mail        ||    32
  Dodge: Dodged            ||    19
  Block: Buckler           ||     9
